 Dungeon Crawl Stone Soup version 0.25-a0-435-g4b9beb1 (webtiles) character file.

Game seed: 13040941100985736280, levelgen mode: deterministic

957 Dorkslayer the Slasher (level 8, 0/54 HPs)
             Began as an Octopode Fighter on Jan 26, 2020.
             Slain by a leopard gecko (4 damage)
             ... on level 8 of the Dungeon.
             The game lasted 00:20:59 (4247 turns).

Dorkslayer the Slasher (Octopode Fighter)           Turns: 4247, Time: 00:20:59

Health: 0/54       AC:  1    Str: 17    XL:     8   Next: 14%
Magic:  10/10      EV: 13    Int: 15    God:
Gold:   226        SH: 10    Dex: 12    Spells: 10/10 levels left

rFire    . . .     SeeInvis .   a - +0 long sword (freeze)
rCold    . . .     Gourm    .   b - +1 shield
rNeg     . . .     Faith    .   (helmet restricted)
rPois    .         Spirit   .   (no amulet)
rElec    .         Reflect  .   u - +5 ring of intelligence
rCorr    .         Harm     .   (no ring)
MR       .....                  (no ring)
Stlth    ++++......             (no ring)
HPRegen  0.18/turn              (no ring)
MPRegen  0.12/turn              (no ring)
                                (no ring)
                                (no ring)

@: no status effects
A: almost no armour, stealthy swim, amphibious, 8 rings, constrict 8, camouflage
1, gelatinous body 1
a: no special abilities


You were on level 8 of the Dungeon.
You were not hungry.

You visited 1 branch of the dungeon, and saw 6 of its levels.

You collected 226 gold pieces.

Inventory:

Hand Weapons
 a - a +0 long sword of freezing (weapon)
 f - a +1 falchion of holy wrath
 t - a +1 dagger of flaming
Missiles
 c - 4 datura-tipped darts
 j - 3 atropa-tipped darts
 n - 17 poisoned darts (quivered)
Armour
 b - a +1 shield (worn)
Jewellery
 u - a +5 ring of intelligence (left tentacle)
Wands
 e - a wand of random effects (18)
Scrolls
 g - a scroll of blinking
 i - 3 scrolls of remove curse
 k - 2 scrolls of immolation
Potions
 o - 3 potions of brilliance
 r - a potion of mutation
Comestibles
 d - 4 rations


   Skills:
 * Level 4.9 Fighting
 + Level 5.0 Long Blades
 + Level 0.9 Throwing
 * Level 4.7 Dodging
 - Level 4.6 Stealth
 + Level 3.7 Shields
 * Level 1.9 Spellcasting
 * Level 2.4 Evocations


You had 10 spell levels left.
You didn't know any spells.
Your spell library contained the following spells:

 Spells                   Type           Power        Failure   Level  Hunger
 Animate Skeleton         Necr           N/A          67%         1    ##.....
 Pain                     Necr           #...         67%         1    ##.....
 Vampiric Draining        Necr           #.........   96%         3    ####...
 Animate Dead             Necr           N/A          100%        4    #####..
 Agony                    Necr           #.......     100%        5    ######.


Dungeon Overview and Level Annotations

Branches:
Dungeon (5/15)
 Temple: D:4-7

Altars:
Gozag
Nemelex Xobeh
Yredelemnul


Innate Abilities, Weirdness & Mutations

You cannot wear most types of armour.
You are very stealthy in the water. (Stealth+)
You are amphibious.
You can wear up to eight rings at the same time.
You can use your tentacles to constrict eight enemies at once.
Your skin changes colour to match your surroundings (Stealth+).
Your rubbery body absorbs attacks. (AC +1, EV +1)


Message History

You squeeze the orc priest, but do no damage.
You block the leopard gecko's attack. The orc priest completely misses you.
You block the crimson imp's attack. The leopard gecko closely misses you.
You riposte.
You closely miss the leopard gecko. Your grab misses the leopard gecko.
Your squeeze misses the leopard gecko. You slash the orc priest!
You freeze the orc priest. You grab the orc priest.
The orc priest is severely wounded.
You constrict the orc priest. You block the orc priest's attack.
You block the crimson imp's attack. The leopard gecko bites you.
You hit the orc priest. You freeze the orc priest.
You kill the orc priest!
The orc wizard barely misses you. The leopard gecko bites you.
* * * LOW HITPOINT WARNING * * *
The crimson imp closely misses you. The orc hits you with a +0 war axe!
* * * LOW HITPOINT WARNING * * *
The orc wizard misses you. The leopard gecko misses you.
You hit the orc. You freeze the orc.
You kill the orc!
You block the crimson imp's attack. The leopard gecko bites you.
You die...

#### ***###** ##...
*,,....################....
*,,.................##..... **
*,,......).5........##..... ,**
*,,......)@l........##....( ,,**
*,,..[...o...........#.....
,,,****,,...)..................(.
,,,*,,,,,............(...........
,,,,,****#.##.........#####.#....
,,**,,,,,.,.............###......
,,,,,*****,.#(........#..##..#)##
,,,*** *#...##.#######....##)..
,,,* ***,##.* ##..#.)....


You could see an orc wizard, a crimson imp and a leopard gecko.

Vanquished Creatures
  An orc warrior (D:4)
  Sigmund (D:3)
  A big kobold (D:8)
  A scorpion (D:4)
  2 hounds
  An orc priest (D:8)
  Crazy Yiuf (D:3)
  Jessica (D:3)
  Ijyb (D:3)
  Terence (D:2)
  2 orc wizards (D:8)
  3 worker ants
  7 adders
  An ooze (D:2)
  4 worms
  3 leopard geckos
  13 orcs
  7 bats
  3 giant cockroaches (D:3)
  7 goblins
  10 hobgoblins
  A jackal (D:3)
  10 kobolds
  A quokka (D:2)
  A ball python (D:3)
  5 frilled lizards
  A leopard gecko skeleton (D:8)
  4 rats
94 creatures vanquished.

Vanquished Creatures (collateral kills)
  The ghost of Bazzalis the Firebug, an amateur DEFE of Sif Muna (D:4)
1 creature vanquished.

Grand Total: 95 creatures vanquished

Notes
Turn   | Place    | Note
-------+----------+-------------------------------------------
     0 | D:1      | Dorkslayer the Octopode Fighter began the quest for the
                  | Orb.
     0 | D:1      | Reached XP level 1. HP: 16/16 MP: 1/1
    23 | D:1      | You fall into a shaft and drop 1 floor!
    37 | D:2      | Reached XP level 2. HP: 21/21 MP: 2/2
    46 | D:2      | Noticed Terence
    52 | D:2      | Killed Terence
    52 | D:2      | Reached skill level 1 in Stealth
    52 | D:2      | Reached XP level 3. HP: 26/26 MP: 3/3
    63 | D:2      | Found a sparkling altar of Nemelex Xobeh.
   139 | D:2      | Reached XP level 4. HP: 28/33 MP: 4/4
  1589 | D:2      | Reached XP level 5. HP: 26/37 MP: 5/5
  1648 | D:3      | Noticed Sigmund
  1653 | D:3      | Killed Sigmund
  1653 | D:3      | Reached skill level 3 in Long Blades
  1653 | D:3      | Reached XP level 6. HP: 38/43 MP: 6/6
  1706 | D:3      | Noticed Ijyb
  1714 | D:3      | Killed Ijyb
  2317 | D:3      | Noticed Jessica
  2323 | D:3      | Killed Jessica
  2408 | D:3      | Found a runed translucent door.
  2409 | D:3      | Noticed Crazy Yiuf
  2415 | D:3      | Killed Crazy Yiuf
  2415 | D:3      | Reached skill level 1 in Evocations
  2985 | D:4      | Reached skill level 4 in Long Blades
  2985 | D:4      | Reached XP level 7. HP: 37/49 MP: 7/7
  3000 | D:4      | Found an opulent altar of Gozag.
  3308 | D:4      | Found a basalt altar of Yredelemnul.
  3363 | D:4      | Found a runed translucent door.
  3609 | D:4      | Noticed Bazzalis's ghost (amateur DEFE)
  3620 | D:4      | Killed Bazzalis's ghost
  3620 | D:4      | Reached skill level 1 in Spellcasting
  3690 | D:4      | Killed an orc warrior
  3795 | D:5      | Entered Level 5 of the Dungeon
  3851 | D:5      | You fall into a shaft and drop 3 floors!
  4123 | D:8      | Reached XP level 8. HP: 22/54 MP: 10/10
  4128 | D:8      | Reached skill level 5 in Long Blades
  4247 | D:8      | Slain by a leopard gecko

Levels and vault maps discovered:
D:1:      roderic_chinese_lattice_arrival, layout_basic
D:2:      layout_basic, nicolae_overflow_crystal_walls,
          kennysheep_cluttered_room, uniq_terence
D:3:      layout_loops_corners, first_ration, nrook_mini_backslash,
          minmay_quadrilaterals, uniq_sigmund, uniq_ijyb,
          uniq_crazy_yiuf_cottage, uniq_jessica
D:4:      layout_loops_cross, lemuel_round_altar, ebering_ghost_inner_flame,
          nicolae_gozag_cash_rules_everything_around_me
D:5:      layout_gridville
D:8:      layout_rooms

Skill      XL: |  1  2  3  4  5  6  7  8 |
---------------+-------------------------+-----
Stealth        | 1 2 4 |  4.6
Long Blades    | 3 4 5 |  5.0
Dodging        | 4 |  4.7
Fighting       | 4 |  4.9
Evocations     | 1 2 |  2.4
Spellcasting   | 1 |  1.9
Throwing       | |  0.9
Shields        | |  3.7

Action                   |  1- 3 |  4- 6 |  7- 9 || total
-------------------------+-------+-------+-------++-------
Melee: Long sword        |    17 |   100 |    68 ||   185
       Constrict         |     5 |    28 |    20 ||    53
       Tentacles         |     2 |    22 |    12 ||    36
Throw: Dart              |       |     4 |     8 ||    12
Evoke: Wand              |       |     3 |     5 ||     8
  Use: Potion            |     1 |     1 |     3 ||     5
       Scroll            |       |     7 |     7 ||    14
 Stab: Sleeping          |     3 |    23 |     2 ||    28
       Invisible         |       |     1 |     1 ||     2
  Eat: Chunk             |       |     7 |       ||     7
       Ration            |       |       |     1 ||     1
Armor: Skin              |     2 |     7 |       ||     9
Dodge: Dodged            |     5 |    37 |    36 ||    78
Block: Shield            |     7 |    29 |    38 ||    74
       Rpst.: Long sword |     2 |    10 |     9 ||    21

Table legend:
 A = Non-vault XP
 B = Vault XP
 C = Vault XP percentage of total XP
 D = Non-vault monster count
 E = Vault monster count
 F = Vault count percentage of total count
                 A         B        C        D         E       F
            +---------+---------+-------+---------+---------+-------
      Total |     704 |     664 |  48.5 |      83 |      12 |  12.6
            +---------+---------+-------+---------+---------+-------
        D:1 |      33 |       0 |   0.0 |      22 |       0 |   0.0
        D:2 |      97 |      36 |  27.1 |      21 |       1 |   4.5
        D:3 |      80 |     340 |  81.0 |      13 |       9 |  40.9
        D:4 |     145 |     288 |  66.5 |      13 |       2 |  13.3
        D:5 |      46 |       0 |   0.0 |       1 |       0 |   0.0
        D:8 |     303 |       0 |   0.0 |      13 |       0 |   0.0
            +---------+---------+-------+---------+---------+-------
